 Dungeon Crawl Stone Soup version 0.23.2-1-ga50397a6bc (webtiles) character file.

Game seed: 17354256028800885640

6593 Dotsi the Black Crusader (level 10, 0/82 HPs)
             Began as a Demonspawn Gladiator on Apr 14, 2019.
             Was a Priest of Yredelemnul.
             Shot with a bolt by an orc warrior (11 damage)
             ... in a bailey on Apr 15, 2019.
             The game lasted 00:25:14 (16979 turns).

Dotsi the Black Crusader (Demonspawn Gladiator)    Turns: 16979, Time: 00:25:15

Health: 0/82       AC: 13    Str: 21    XL:     10   Next: 71%
Magic:  17/17      EV: 12    Int:  9    God:    Yredelemnul [***...]
Gold:   568        SH:  0    Dex: 15    Spells: 9/9 levels left

rFire    . . .     SeeInvis .   z - +3 hand axe (chop)
rCold    + . .     Gourm    .   (no shield)
rNeg     . . .     Faith    .   c - +0 scale mail
rPois    .         Spirit   .   (helmet restricted)
rElec    .         Reflect  .   p - +1 cloak {MR+}
rCorr    .         Harm     .   (no gloves)
MR       ++...                  v - +2 pair of boots
Stlth    ..........             (no amulet)
HPRegen  0.23/turn              F - ring of protection from magic
MPRegen  0.15/turn              G - +3 ring of strength

@: no status effects
A: horns 2, cold resistance 1, freezing cloud immunity
a: Recall Undead Slaves, Injury Mirror, Animate Dead, Renounce Religion


You were in a bailey.
You worshipped Yredelemnul.
Yredelemnul was most pleased with you.
You were not hungry.

You visited 1 branch of the dungeon, and saw 10 of its levels.
You also visited: Bailey.

You collected 568 gold pieces.

Inventory:

Hand Weapons
 a - a +1 war axe
 z - a +3 hand axe of chopping (weapon)
 E - a +0 broad axe
Missiles
 d - 6 throwing nets (quivered)
 o - 103 arrows
Armour
 c - a +0 scale mail (worn)
 p - a +1 cloak of magic resistance (worn)
 r - a +0 leather armour of fire resistance
 v - a +2 pair of boots (worn)
Jewellery
 F - a ring of protection from magic (left hand)
 G - a +3 ring of strength (right hand)
Wands
 e - a wand of acid (7)
 m - a wand of iceblast (11)
 t - a wand of flame (27)
 w - a wand of paralysis (11)
 A - a wand of disintegration (11)
 J - a wand of clouds (4)
Scrolls
 g - 7 scrolls of remove curse
 k - 2 scrolls of blinking
 l - a scroll of fog
 q - 5 scrolls of enchant weapon
 u - 3 scrolls of enchant armour
 y - a scroll of fear
Potions
 b - 2 potions of brilliance
 h - 2 potions of flight
 i - 2 potions of lignification {unknown}
 j - a potion of resistance
 n - a potion of magic
 s - 2 potions of mutation
 x - a potion of degeneration {unknown}
 B - a potion of might {unknown}
 D - 2 potions of curing
 H - a potion of cancellation {unknown}
Comestibles
 f - 20 rations
 C - 3 chunks of flesh


   Skills:
 + Level 8.5 Fighting
 + Level 8.1 Axes
 - Level 1.7 Throwing
 + Level 7.0 Armour
 - Level 4.0 Dodging
 + Level 10.0 Invocations


You had 9 spell levels left.
You didn't know any spells.
Your spell library contained the following spells:

 Spells                   Type           Power        Failure   Level  Hunger
 Animate Skeleton         Necr           N/A          69%         1    ##.....
 Apportation              Tloc           #.....       69%         1    ##.....
 Beastly Appendage        Tmut           #.....       69%         1    ##.....
 Confusing Touch          Hex            #.....       69%         1    ##.....
 Summon Small Mammal      Summ           #...         69%         1    ##.....
 Call Imp                 Summ           #.......     83%         2    ###....
 Sticks to Snakes         Tmut           #.......     83%         2    ###....
 Call Canine Familiar     Summ           #.......     96%         3    ####...
 Confuse                  Hex            #.......     96%         3    ####...
 Gell's Gravitas          Tloc           #.........   96%         3    ####...
 Spider Form              Tmut/Pois      #.........   96%         3    ####...
 Summon Guardian Golem    Hex/Summ       #.......     96%         3    ####...
 Ice Form                 Ice/Tmut       #.......     100%        4    #####..
 Petrify                  Tmut/Erth      #.......     100%        4    #####..
 Summon Ice Beast         Ice/Summ       #.......     100%        4    #####..
 Summon Lightning Spire   Summ/Air       #.......     100%        4    #####..
 Blade Hands              Tmut           #.........   100%        5    ######.
 Metabolic Englaciation   Hex/Ice        #.........   100%        5    ######.
 Yara's Violent Unravell  Hex/Tmut       #.........   100%        5    ######.


Dungeon Overview and Level Annotations

Branches:
Dungeon (10/15)            Temple (0/1) D:4            Lair (0/6) D:8
    Orc: D:9-12

Altars:
Ashenzari
Cheibriados
Elyvilon
Fedhas
Gozag
Hepliaklqana
Kikubaaqudgha
Qazlal
Trog
Xom
Yredelemnul
Zin

Shops:
D:7 }   D:8 }   D:9 (

Annotations:
D:10 Snorg


Innate Abilities, Weirdness & Mutations

You have a pair of horns on your head.
Your flesh is cold resistant. (rC+)
You are immune to freezing clouds.


Message History

The orc warrior shoots a bolt.
The bolt misses you.
The orc warrior unwields a +0 arbalest.
The orc warrior barely misses you.
You see here 2 bolts.
You miss the orc warrior.
You hit the orc warrior but do no damage.
You headbutt the orc warrior.
The orc warrior is lightly wounded.
The orc warrior shoots a bolt.
The bolt hits you!!
The orc warrior hits you but does no damage.
Your scale mail prevents you from hitting the orc warrior.
The orc warrior is lightly wounded.
The orc warrior hits you.
The orc warrior shoots a bolt.
The bolt hits you!!
* * * LOW HITPOINT WARNING * * *
The orc warrior wields a +0 arbalest.
The orc warrior shoots a bolt.
The bolt misses you.
There is an empty arch of ancient stone here.
You see here a bolt.
The orc warrior shoots a bolt.
The bolt hits you!
You die...
Your body rises from the dead as a mindless zombie.

###### ##∩## ####
#.....##...##....
..≈≈≈..#...#.o≈≈≈
.≈≈o≈≈.......≈≈o≈
.≈.oo≈.......≈oo
.≈≈o≈≈.o.....≈≈o
..≈≈≈..#(.(#..≈
#..o..##((.#
###### ##@## ###


You could see 2 orc warriors.

Vanquished Creatures
  Harold (D:7)
  Pikel (D:5)
  Prince Ribbit (D:4)
  A hornet (D:9)
  A hippogriff (D:7)
  A wyvern (D:9)
  Eustachio (D:5)
  A hungry ghost (D:8)
  3 wargs (D:7)
  Edmund (D:5)
  An orc warrior (D:8)
  A slave (D:5)
  2 sky beasts
  An ice beast (D:6)
  A black bear (D:6)
  6 phantoms
  6 ogres
  A centaur (D:8)
  4 bullfrogs
  A big kobold (D:9)
  4 scorpions
  2 howler monkeys (D:7)
  3 crimson imps
  A jelly (D:9)
  A gnoll shaman (D:6)
  2 bullfrog zombies
  2 centaur zombies
  6 hounds
  8 orc wizards
  Crazy Yiuf (D:4)
  3 orc priests
  2 centaur skeletons
  2 iguanas
  Ijyb (D:4)
  13 worker ants
  A killer bee zombie (D:8)
  A mummy (D:6)
  A worker ant zombie (D:10)
  Robin (D:2)
  6 gnolls
  13 adders
  7 river rats (D:6)
  3 shadow imps
  5 worms
  2 dart slugs (D:1)
  8 leopard geckos
  17 orcs
  4 giant cockroaches
  32 goblins
  9 hobgoblins
  8 jackals
  11 quokkas
  7 bats
  8 frilled lizards
  15 kobolds
  A quokka zombie (D:7)
  28 rats
  A rat zombie (D:6)
  A spectral orc (D:3)
277 creatures vanquished.

Vanquished Creatures (collateral kills)
  A phantom (D:7)
  A bullfrog (D:9)
  An iguana (D:9)
  2 gnolls (D:5)
  A leopard gecko (D:6)
6 creatures vanquished.

Vanquished Creatures (others)
  A hippogriff zombie (D:7)
  A bullfrog skeleton (D:7)
  A worker ant zombie (D:5)
  A howler monkey zombie (D:7)
  2 gnoll zombies (D:5)
  A leopard gecko zombie (D:7)
  An orc skeleton (D:6)
  A fungus (D:4)
9 creatures vanquished.

Grand Total: 292 creatures vanquished

Notes
Turn   | Place    | Note
-------+----------+-------------------------------------------
     0 | D:1      | Dotsi the Demonspawn Gladiator began the quest for the Orb.
     0 | D:1      | Reached XP level 1. HP: 16/16 MP: 1/1
   249 | D:1      | Gained mutation: You have a pair of small horns on your
                  | head. [demonic ancestry]
   249 | D:1      | Reached XP level 2. HP: 18/22 MP: 2/2
  1105 | D:1      | Gained mutation: Your flesh is cold resistant. (rC+)
                  | [demonic ancestry]
  1105 | D:1      | Reached XP level 3. HP: 27/28 MP: 3/3
  2038 | D:2      | Reached XP level 4. HP: 34/34 MP: 4/4
  2599 | D:2      | Identified the cursed -4 helmet "Eheliruk" {Str+3}
  2599 | D:2      | Noticed Robin
  3082 | D:2      | Killed Robin
  3420 | D:2      | Found a hazy altar of Hepliaklqana.
  3421 | D:2      | Found a shimmering altar of Xom.
  3421 | D:2      | Noticed a hell beast
  3422 | D:2      | Noticed a spectral ugly thing
  3422 | D:2      | Noticed a hell beast
  3662 | D:3      | Gained mutation: You have a pair of horns on your head.
                  | [demonic ancestry]
  3662 | D:3      | Reached XP level 5. HP: 38/41 MP: 5/5
  4017 | D:3      | Found a basalt altar of Yredelemnul.
  4031 | D:3      | Became a worshipper of Yredelemnul the Dark
  4951 | D:3      | Found a blossoming altar of Fedhas.
  5106 | D:4      | Reached skill level 1 in Armour
  5106 | D:4      | Reached skill level 1 in Invocations
  5295 | D:4      | Found an opulent altar of Gozag.
  5354 | D:4      | Found a staircase to the Ecumenical Temple.
  5394 | D:4      | Reached XP level 6. HP: 40/48 MP: 5/7
  5581 | D:4      | Found a runed translucent door.
  5582 | D:4      | Noticed Crazy Yiuf
  5633 | D:4      | Noticed Ijyb
  5648 | D:4      | Killed Ijyb
  5841 | D:3      | Reached * piety under Yredelemnul
  6257 | D:4      | Reached skill level 2 in Invocations
  7105 | D:5      | Entered Level 5 of the Dungeon
  7156 | D:5      | Noticed Prince Ribbit
  7339 | D:6      | Found an ancient bone altar of Kikubaaqudgha.
  7379 | D:6      | Found a bloodstained altar of Trog.
  7390 | D:6      | Reached skill level 3 in Invocations
  7390 | D:6      | Gained mutation: You are immune to freezing clouds.
                  | [demonic ancestry]
  7390 | D:6      | Reached XP level 7. HP: 51/54 MP: 9/9
  8084 | D:5      | Noticed Pikel
  8516 | D:5      | Reached skill level 4 in Invocations
  8555 | D:5      | Reached skill level 5 in Fighting
  8555 | D:5      | Reached skill level 5 in Axes
  8579 | D:5      | Noticed Edmund
  8589 | D:5      | Killed Edmund
  8589 | D:5      | Reached XP level 8. HP: 43/62 MP: 11/11
  8601 | D:5      | Reached skill level 5 in Invocations
  9090 | D:5      | Noticed Eustachio
  9122 | D:5      | Killed Eustachio
  9542 | D:4      | Killed Prince Ribbit
  9561 | D:4      | Killed Crazy Yiuf
  9775 | D:5      | Killed Pikel
  9775 | D:5      | Reached skill level 6 in Invocations
  9775 | D:5      | Reached XP level 9. HP: 12/69 MP: 12/14
 10069 | D:5      | Found a glowing silver altar of Zin.
 10587 | D:6      | Found a stormy altar of Qazlal.
 10915 | D:6      | Reached skill level 7 in Invocations
 10922 | D:6      | Reached ** piety under Yredelemnul
 10971 | D:6      | Reached skill level 5 in Armour
 11411 | D:6      | Found a snail-covered altar of Cheibriados.
 11495 | D:7      | Found Zypnigyph's Gadget Boutique.
 11942 | D:7      | Reached skill level 8 in Invocations
 11985 | D:7      | Reached *** piety under Yredelemnul
 12069 | D:7      | Noticed Harold
 12105 | D:7      | HP: 3/72 [Harold/harpoon shot (5)]
 13380 | D:7      | Killed Harold
 13380 | D:7      | Reached skill level 9 in Invocations
 13380 | D:7      | Reached XP level 10. HP: 31/80 MP: 16/16
 14512 | D:8      | Found a staircase to the Lair.
 15350 | D:8      | Found Timoo's Gadget Shop.
 15388 | D:8      | Found a shattered altar of Ashenzari.
 15461 | D:8      | Found a white marble altar of Elyvilon.
 15636 | D:9      | Found Xoliuck's Antique Weapon Shop.
 16810 | D:10     | Entered Level 10 of the Dungeon
 16874 | D:10     | Noticed Snorg
 16883 | D:10     | Reached skill level 10 in Invocations
 16929 | D:10     | Found a flagged portal.
 16965 | Bailey   | Entered a bailey
 16965 | Bailey   | Noticed an orc knight
 16966 | Bailey   | Noticed an orc knight
 16966 | Bailey   | Noticed an orc knight
 16979 | Bailey   | Shot with a bolt by an orc warrior

Skill      XL: |  1  2  3  4  5  6  7  8  9 10 |
---------------+-------------------------------+-----
Dodging        | 3 4 |  4.0
Axes           | 3 4 5 6 7 8 |  8.1
Fighting       | 3 4 5 6 7 8 |  8.5
Armour         | 1 2 3 4 6 7 |  7.0
Invocations    | 1 3 4 6 9 10 | 10.0
Throwing       | |  1.7

Action                   |  1- 3 |  4- 6 |  7- 9 | 10-12 || total
-------------------------+-------+-------+-------+-------++-------
Melee: War axe           |    89 |   209 |   500 |       ||   798
       Headbutt          |     9 |    41 |    89 |    42 ||   181
       Hand axe          |       |       |       |   198 ||   198
Invok: Animate Remains   |       |       |    20 |       ||    20
       Animate Dead      |       |       |     1 |     2 ||     3
       Injury Mirror     |       |       |     1 |       ||     1
Evoke: Wand              |       |     1 |     5 |       ||     6
  Use: Scroll            |       |    12 |     8 |     2 ||    22
       Potion            |       |       |     3 |       ||     3
 Stab: Sleeping          |     1 |       |       |       ||     1
       Paralysed         |       |     3 |     3 |       ||     6
       Distracted        |       |       |     1 |     1 ||     2
  Eat: Ration            |     1 |     1 |     1 |     2 ||     5
       Chunk             |       |    13 |    22 |    11 ||    46
Armor: Leather armour    |    27 |     7 |       |       ||    34
       Ring mail         |       |    29 |       |       ||    29
       Scale mail        |       |    77 |   290 |   103 ||   470
Dodge: Dodged            |    71 |   164 |   362 |   119 ||   716
